 Dungeon Crawl Stone Soup version 0.20-a0-854-g0cc194a (webtiles) character file.

32361 Vedraith the Carver (level 13, 0/116 HPs)
             Began as a Minotaur Fighter on Mar 10, 2017.
             Was the Champion of Okawaru.
             Slain by a slime creature (14 damage)
             ... on level 14 of the Dungeon on Mar 11, 2017.
             The game lasted 00:37:49 (14364 turns).

Vedraith the Carver (Minotaur Fighter)             Turns: 14364, Time: 00:37:49

Health: 0/116      AC: 24    Str: 25    XL:     13   Next: 31%
Magic:  14/14      EV: 12    Int:  8    God:    Okawaru [******]
Gold:   1129       SH:  0    Dex: 11    Spells: 12/12 levels left

rFire    + . .     SeeInvis .   H - +10 great sword of Ilyejuig {speed, +Inv}
rCold    + . .     Gourm    .   K - +7 chain mail "Ileshreach" {rPois Int+3}
rNeg     . . .     Faith    .   (shield currently unavailable)
rPois    +         Spirit   .   (helmet restricted)
rElec    .         Reflect  .   v - scarf {rC+ rF+}
rCorr    +         Harm     .   A - +2 pair of gloves {archery}
MR       .....                  d - +0 pair of boots
Stlth    ..........             (no amulet)
Regen    0.3/turn               (no ring)
MPRegen  0.2/turn               j - ring of resist corrosion

@: no status effects
A: retaliatory headbutt, horns 2
a: Heroism, Finesse, Renounce Religion, Evoke Invisibility


You were on level 14 of the Dungeon.
You worshipped Okawaru.
Okawaru was exalted by your worship.
You were not hungry.

You visited 4 branches of the dungeon, and saw 17 of its levels.
You also visited: Sewer.

You collected 1313 gold pieces.
You spent 184 gold pieces at shops.

Inventory:

Hand Weapons
 b - a +5 long sword of draining
 H - the +10 great sword of Ilyejuig (weapon) {speed, +Inv}
   (Okawaru gifted it to you on level 12 of the Dungeon)

   Attacks with this weapon are significantly faster.
   It lets you turn invisible.
Armour
 d - a +0 pair of boots (worn)
 v - a scarf of resistance (worn)
 A - a +2 pair of gloves of archery (worn)
 C - a +1 large shield of positive energy
 K - the +7 chain mail "Ileshreach" (worn) {rPois Int+3}
   (You found it on level 11 of the Dungeon)

   It affects your intelligence (+3).
   It protects you from poison.
Jewellery
 j - a ring of resist corrosion (left hand)
 s - an uncursed ring of fire
Wands
 a - a wand of random effects (25/48)
 m - a wand of disintegration (11/24)
 t - a wand of iceblast (4/15)
 x - a wand of paralysis (12/24)
 y - a wand of digging (16/24)
 z - a wand of random effects (30/48)
 E - a wand of scattershot (4/9)
 Q - a wand of confusion (15/48)
Scrolls
 e - 13 scrolls of identify
 g - 3 scrolls of blinking
 k - 7 scrolls of teleportation
 l - 2 scrolls of fog
 o - 5 scrolls of remove curse
 p - 3 scrolls of noise
 B - 4 scrolls of enchant weapon
 O - a scroll of magic mapping
Potions
 i - 5 potions of brilliance
 n - 2 potions of curing
 r - 5 potions of flight
 G - 2 potions of might
 N - a potion of haste
Books
 c - a book of Unlife

   Spells                             Type                      Level
   a - Recall                         Summoning/Translocation      3
   b - Animate Dead                   Necromancy                   4
   c - Control Undead                 Necromancy                   4
   d - Cigotuvi's Embrace             Necromancy                   5
   e - Death Channel                  Necromancy                   6
   f - Simulacrum                     Ice/Necromancy               6
 D - a book of Conjurations

   Spells                             Type                      Level
   a - Magic Dart                     Conjuration                  1
   b - Searing Ray                    Conjuration                  2
   c - Dazzling Spray                 Conjuration/Hexes            3
   d - Fulminant Prism                Conjuration/Hexes            4
   e - Force Lance                    Conjuration/Translocation    4
   f - Iskenderun's Mystic Blast      Conjuration                  4
 I - a book of Changes

   Spells                             Type                      Level
   a - Beastly Appendage              Transmutation                1
   b - Sticks to Snakes               Transmutation                2
   c - Spider Form                    Transmutation/Poison         3
   d - Ice Form                       Ice/Transmutation            4
   e - Blade Hands                    Transmutation                5
 J - a book of Party Tricks

   Spells                             Type                      Level
   a - Summon Butterflies             Summoning                    1
   b - Apportation                    Translocation                1
   c - Lesser Beckoning               Translocation                3
   d - Tukima's Dance                 Hexes                        3
   e - Alistair's Intoxication        Transmutation/Poison         5
   f - Invisibility                   Hexes                        6
Comestibles
 f - 5 bread rations
 h - 6 meat rations
 q - 11 royal jellies
 u - 10 fruits
 w - 10 chunks of flesh


   Skills:
 + Level 11.5 Fighting
 + Level 14.9 Long Blades
 + Level 11.6 Armour
 * Level 8.6 Dodging
 - Level 13.1 Shields
 - Level 3.0 Invocations


You had 12 spell levels left.
You didn't know any spells.

Dungeon Overview and Level Annotations

Branches:
Dungeon (14/15)            Temple (1/1) D:5            Lair (1/6) D:10
    Orc (1/2) D:10         Vaults (0/5) D:13

Altars:
Ashenzari
Cheibriados
Dithmenos
Elyvilon
Fedhas
Gozag
Hepliaklqana
Kikubaaqudgha
Makhleb
Nemelex Xobeh
Okawaru
Qazlal
Ru
Sif Muna
Trog
Uskayaw
Vehumet
Wu Jian
Xom
Yredelemnul
Zin
The Shining One
Beogh

Shops:
D:4 %   D:9 ?   D:13 ?

Annotations:
D:5 Prince Ribbit


Innate Abilities, Weirdness & Mutations

You reflexively headbutt those who attack you in melee.
You have a pair of horns on your head.


Message History

Okawaru accepts your kill. The slime creature closely misses you.
You furiously retaliate!
You headbutt the slime creature! You hit the slime creature.
You headbutt the slime creature.
The slime creature is moderately wounded.
You slash the slime creature! You headbutt the slime creature!
The slime creature is severely wounded.
The slime creature hits you.
* * * LOW HITPOINT WARNING * * *
You slash the slime creature!
The slime creature is severely wounded.
The slime creature hits you but does no damage.
The slime creature hits you!
* * * LOW HITPOINT WARNING * * *
Your chain mail "Ileshreach" prevents you from hitting the slime creature.
The slime creature is severely wounded.
The slime creature hits you!
* * * LOW HITPOINT WARNING * * *
You feel better. The slime creature hits you!
You die...

#............ ............ .....
#........... .... #...........
#... # #........... #... ..##
#........... #...
.........####...J.#..... #...
............#...@J........ ##...
.........................####....
.........................##......
#................................
#...............................
#............................###
#.........)...............###
#.....##................###
#...######............###


You could see 2 slime creatures.

Vanquished Creatures
  An orc warlord (D:12)
  4 vault guards (D:13)
  A catoblepas (D:13)
  6 two-headed ogres
  A death knight (D:14)
  An orc high priest (D:12)
  A death drake (shapeshifter) (D:14)
  An unseen horror (D:11)
  2 wizards (D:14)
  3 orc knights
  2 phantasmal warriors (D:14)
  3 ugly things (D:13)
  2 orc sorcerers
  A manticore (D:13)
  4 cyclopes
  An elephant (D:10)
  2 centaur skeletons
  A freezing wraith (D:14)
  2 trolls
  5 slime creatures
  7 hippogriffs
  Sigmund (D:6)
  A wraith (D:13)
  5 wyverns
  6 yaks
  A hungry ghost (D:13)
  Menkaure (D:5)
  2 water moccasins
  18 orc warriors
  9 ogres
  A phantom (D:4)
  3 sky beasts
  4 ice beasts
  A necrophage (D:11)
  3 wolves (D:9)
  2 centaurs
  2 crocodiles (D:10)
  4 big kobolds
  Blork the orc (D:5)
  6 bullfrogs
  8 scorpions
  9 killer bees
  8 wights
  2 howler monkeys (D:9)
  3 crimson imps
  3 centaur zombies
  2 quasits
  7 hounds
  Crazy Yiuf (D:6)
  9 jellies
  11 orc priests
  A bullfrog zombie (D:10)
  4 bullfrog skeletons
  2 iguanas
  10 worker ants
  15 orc wizards
  2 hound skeletons
  A hound zombie (D:8)
  A worker ant zombie (D:6)
  Robin (D:4)
  13 adders
  4 gnolls (D:4)
  2 river rats (Sewer)
  6 oozes
  2 adder zombies
  3 adder skeletons
  3 worms
  7 leopard geckos
  36 orcs
  6 ball pythons
  9 giant cockroaches
  13 goblins
  10 hobgoblins
  16 jackals
  30 kobolds
  5 quokkas
  14 bats
  3 frilled lizards (D:2)
  A jackal skeleton (D:8)
  2 leopard gecko skeletons
  A quokka zombie (D:5)
  9 rats
417 creatures vanquished.

Vanquished Creatures (others)
  An orc wizard (D:12)
1 creature vanquished.

Grand Total: 418 creatures vanquished

Notes
Turn   | Place    | Note
-------+----------+-------------------------------------------
     0 | D:1      | Vedraith the Minotaur Fighter began the quest for the Orb.
     0 | D:1      | Reached XP level 1. HP: 19/19 MP: 0/0
    59 | D:1      | Reached skill level 3 in Long Blades
    99 | D:1      | Reached XP level 2. HP: 26/26 MP: 1/1
   396 | D:1      | Reached skill level 4 in Long Blades
   590 | D:2      | Reached XP level 3. HP: 31/31 MP: 2/2
   906 | D:2      | Reached skill level 5 in Long Blades
   941 | D:2      | Reached XP level 4. HP: 37/39 MP: 3/3
  1264 | D:3      | Found a glowing drain.
  1291 | Sewer    | Entered a sewer
  1415 | Sewer    | Reached skill level 6 in Long Blades
  1552 | Sewer    | Reached XP level 5. HP: 18/45 MP: 4/4
  1645 | D:3      | Found an ornate altar of the Wu Jian Council.
  1914 | D:3      | Reached skill level 7 in Long Blades
  2029 | D:3      | Found a blossoming altar of Fedhas.
  2450 | D:4      | Noticed Robin
  2462 | D:4      | Reached XP level 6. HP: 48/51 MP: 5/5
  2469 | D:4      | Killed Robin
  2706 | D:4      | Reached skill level 8 in Long Blades
  3166 | D:4      | Found Caizir's Food Shoppe.
  3271 | D:4      | Reached skill level 9 in Long Blades
  3866 | D:4      | Reached XP level 7. HP: 56/57 MP: 6/6
  3872 | D:5      | Entered Level 5 of the Dungeon
  3872 | D:5      | Noticed Prince Ribbit
  3955 | D:5      | Noticed Menkaure
  3964 | D:5      | Killed Menkaure
  3964 | D:5      | Reached skill level 10 in Long Blades
  4168 | D:5      | Found a staircase to the Ecumenical Temple.
  4183 | Temple   | Entered the Ecumenical Temple
  4479 | D:5      | Found a shadowy altar of Dithmenos.
  4540 | D:5      | Noticed Blork the orc
  4555 | D:5      | Killed Blork the orc
  4555 | D:5      | Reached skill level 11 in Long Blades
  4596 | D:5      | Reached XP level 8. HP: 42/66 MP: 7/7
  4792 | D:5      | Upgraded the game from 0.20-a0-850-ge5a7832 to 0.20-a0-854-g0cc194a
  5454 | D:6      | Found an iron altar of Okawaru.
  5458 | D:6      | Became a worshipper of Warmaster Okawaru
  5609 | D:6      | Found a deep blue altar of Sif Muna.
  5625 | D:6      | Noticed Sigmund
  5634 | D:6      | Killed Sigmund
  5634 | D:6      | Reached skill level 5 in Shields
  5756 | D:6      | Found a runed door.
  6043 | D:6      | Noticed Crazy Yiuf
  6048 | D:6      | Killed Crazy Yiuf
  6100 | D:7      | Noticed a hippogriff
  6118 | D:6      | Reached skill level 5 in Fighting
  6130 | D:7      | Killed a hippogriff
  6130 | D:7      | Reached * piety under Okawaru
  6130 | D:7      | Reached skill level 5 in Armour
  6134 | D:7      | Reached XP level 9. HP: 24/74 MP: 8/8
  6583 | D:7      | Found a hide-covered altar of Uskayaw.
  7032 | D:8      | Reached ** piety under Okawaru
  7032 | D:8      | Reached skill level 1 in Invocations
  7066 | D:8      | Reached skill level 12 in Long Blades
  7420 | D:8      | Reached *** piety under Okawaru
  7490 | D:8      | Noticed a two-headed ogre
  7496 | D:8      | Killed a two-headed ogre
  7496 | D:8      | Reached XP level 10. HP: 62/84 MP: 9/11
  7514 | D:8      | Found a stormy altar of Qazlal.
  8186 | D:9      | Found a burning altar of Makhleb.
  8215 | D:9      | Found Fadiqol's Magic Scroll Shoppe.
  8229 | D:9      | Reached skill level 10 in Shields
  8364 | D:9      | Found an opulent altar of Gozag.
  8379 | D:9      | Reached **** piety under Okawaru
  8571 | D:9      | Bought a scroll of identify for 24 gold pieces
  8571 | D:9      | Bought a scroll of identify for 24 gold pieces
  8571 | D:9      | Bought a scroll of identify for 24 gold pieces
  8594 | D:9      | Noticed a two-headed ogre
  8603 | D:9      | Killed a two-headed ogre
  8624 | D:10     | Entered Level 10 of the Dungeon
  8757 | D:10     | Noticed a two-headed ogre
  8768 | D:10     | Killed a two-headed ogre
  8768 | D:10     | Reached ***** piety under Okawaru
  8768 | D:10     | Reached skill level 13 in Long Blades
  8796 | D:10     | Reached XP level 11. HP: 72/94 MP: 12/12
  8873 | D:10     | Found a staircase to the Lair.
  8912 | D:10     | Found a staircase to the Orcish Mines.
  8913 | D:10     | Noticed a two-headed ogre
  8929 | D:10     | Killed a two-headed ogre
  9488 | Lair:1   | Entered Level 1 of the Lair of Beasts
  9512 | Lair:1   | Noticed a seven-headed hydra
  9551 | Orc:1    | Entered Level 1 of the Orcish Mines
  9574 | Orc:1    | Noticed an orc knight
  9594 | Orc:1    | Killed an orc knight
  9600 | Orc:1    | Reached ****** piety under Okawaru
  9856 | Orc:1    | Noticed an orc sorcerer
  9866 | Orc:1    | Killed an orc sorcerer
 10203 | D:11     | Killed an unseen horror
 10203 | D:11     | Received a gift from Okawaru
 10662 | D:11     | Got a heavily runed chain mail
 10663 | D:11     | Identified the +7 chain mail "Ileshreach" {rPois Int+3} (You found it on level 11 of the Dungeon)
 10824 | D:12     | Found a sparkling altar of Nemelex Xobeh.
 10845 | D:12     | Noticed an orc warlord
 10859 | D:12     | Received a gift from Okawaru
 10860 | D:12     | Got a polished great sword {god gift}
 10877 | D:12     | Killed an orc warlord
 10914 | D:12     | Identified the +10 great sword of Ilyejuig {speed, +Inv} (Okawaru gifted it to you on level 12 of the Dungeon)
 11661 | D:12     | Noticed an orc knight
 11676 | D:12     | Killed an orc knight
 11676 | D:12     | Received a gift from Okawaru
 11676 | D:12     | Reached skill level 1 in Dodging
 11676 | D:12     | Reached XP level 12. HP: 76/106 MP: 13/13
 11711 | D:12     | Paralysed by an orc sorcerer for 3 turns
 11962 | D:12     | Found a roughly hewn altar of Beogh.
 11982 | D:12     | Noticed an orc high priest
 11990 | D:12     | Killed an orc high priest
 11990 | D:12     | Reached skill level 10 in Fighting
 11990 | D:12     | Reached skill level 10 in Armour
 12133 | D:12     | Reached skill level 14 in Long Blades
 12381 | D:13     | Found a gate to the Vaults.
 12381 | D:13     | Noticed a two-headed ogre
 12381 | D:13     | Noticed a vault guard
 12381 | D:13     | Noticed a vault guard
 12381 | D:13     | Noticed a vault guard
 12382 | D:13     | Noticed a vault guard
 12394 | D:13     | Killed a vault guard
 12398 | D:13     | Killed a two-headed ogre
 12405 | D:13     | Reached skill level 5 in Dodging
 12418 | D:13     | Killed a vault guard
 12425 | D:13     | Killed a vault guard
 12436 | D:13     | Killed a vault guard
 12698 | D:13     | Noticed a catoblepas
 12707 | D:13     | Killed a catoblepas
 12850 | D:13     | Found Qysetekupt's Magic Scroll Boutique.
 12857 | D:13     | Bought a scroll of identify for 28 gold pieces
 12857 | D:13     | Bought a scroll of identify for 28 gold pieces
 12857 | D:13     | Bought a scroll of identify for 28 gold pieces
 12857 | D:13     | Bought a scroll of identify for 28 gold pieces
 13516 | D:13     | Reached XP level 13. HP: 83/116 MP: 11/14
 13519 | D:13     | Received a gift from Okawaru
 14364 | D:14     | Slain by a slime creature

Vault maps used:
D:1:      enne_arrival_octagon_isle, minmay_tetromino_i2
D:2:      nicolae_underground_beach
D:3:      lemuel_doored_altar, lemuel_round_altar, portal_sewer_entry_f
D:4:      serial_shops, shop, uniq_robin
D:5:      minmay_temple_entry_steel_oval, first_bread,
          nicolae_dithmenos_the_darkroom, uniq_menkaure, uniq_prince_ribbit1,
          uniq_blork_the_orc
D:6:      lemuel_ice_spiral_2, marbit_many_paths, led_sif_pool, uniq_sigmund,
          uniq_crazy_yiuf_cottage
D:7:      nicolae_overflow_crystal_walls
D:8:      grunt_qazlal_clouds, hangedman_little_slice_of_home, roderic_batcave,
          minmay_unpleasant_kobolds
D:9:      overflow_temple_1_default, lemuel_coloured_pillars_altar,
          minmay_misc_feat_pillars, kennysheep_windowed_goal, uniq_grum
D:10:     david_lair_generic, david_orc_3, kennysheep_generic_room_12
D:12:     orc_temple, basic_altar, hex_medium
D:13:     lightli_vaults_fourway_checkpoint, serial_shops, nicolae_shop_crystal
D:14:     uniq_sonja
Temple:   cyrus_circular_temple
Orc:1:    serial_shops, nicolae_shop_waterfront, mines1_david
Sewer:    sewer_co_15_rooms

Skill      XL: |  1  2  3  4  5  6  7  8  9 10 11 12 13 |
---------------+----------------------------------------+-----
Long Blades    | 3 4 5 6 7 9 11 12 13 14 | 14.9
Shields        | 6 9 11 13 | 13.1
Fighting       | 5 6 8 9 11 | 11.5
Armour         | 5 6 8 9 11 | 11.6
Invocations    | 2 3 |  3.0
Dodging        | 1 7 8 |  8.6

Action                   |  1- 3 |  4- 6 |  7- 9 | 10-12 | 13-15 || total
-------------------------+-------+-------+-------+-------+-------++-------
Melee: Long sword        |   123 |   273 |   355 |   394 |       ||  1145
       Headbutt          |    15 |    41 |    75 |   126 |    24 ||   281
       Great sword       |       |       |       |   184 |    75 ||   259
Invok: Heroism           |       |       |       |     3 |       ||     3
Evoke: Wand              |       |       |     5 |       |       ||     5
  Use: Scroll            |       |    10 |     2 |    11 |       ||    23
       Potion            |       |     3 |     3 |     7 |     1 ||    14
  Eat: Chunk             |       |     7 |     7 |    11 |       ||    25
       Bread ration      |       |     1 |     1 |     1 |       ||     3
       Meat ration       |       |       |       |     1 |       ||     1
       Royal jelly       |       |       |       |     1 |     1 ||     2
Armor: Scale mail        |    20 |       |       |       |       ||    20
       Ring mail         |    32 |    89 |    94 |       |       ||   215
       Plate armour      |       |       |    14 |   152 |       ||   166
       Chain mail        |       |       |    14 |    79 |    28 ||   121
Dodge: Dodged            |    37 |    72 |    81 |   102 |    24 ||   316
Block: Shield            |    65 |   114 |   162 |     9 |       ||   350
       Large shield      |       |       |       |   346 |       ||   346
       Rpst.: Long sword |     7 |    16 |    17 |    14 |       ||    54
       Great sword       |       |       |       |    19 |     3 ||    22
